 Dungeon Crawl Stone Soup version 0.20-a0-270-g8e735b6 (webtiles) character file.

1539 Faca the Cleaver (level 9, -8/69 HPs)
             Began as a Formicid Fighter on Dec 10, 2016.
             Was an Initiate of Trog.
             Mangled by a hill giant
             ... wielding a +0 giant club
              (19 damage)
             ... on level 8 of the Dungeon.
             The game lasted 00:17:27 (5405 turns).

Faca the Cleaver (Formicid Fighter)                 Turns: 5405, Time: 00:17:27

Health: -8/69      AC: 16    Str: 22    XL:     9   Next: 11%
Magic:  9/9        EV:  7    Int:  7    God:    Trog [......]
Gold:   309        SH: 12    Dex: 13    Spells: 8/8 levels left

rFire  x . .     SeeInvis +     g - +2 flail (protect)
rCold  + . .     Gourm    .     h - +0 chain mail
rNeg   . . .     Faith    .     c - +1 shield
rPois  .         Spirit   .     (helmet unavailable)
rElec  .         Reflect  .     (no cloak)
rCorr  +         Harm     .     (no gloves)
MR     .....                    (no boots)
Stlth  ..........               (no amulet)
                                p - ring of ice
                                n - ring of resist corrosion

@: protection aura
A: permanent stasis, dig shafts and tunnels, four strong arms, antennae 3
a: Dig, Shaft Self, Burn Spellbooks, Renounce Religion


You were on level 8 of the Dungeon.
You worshipped Trog.
Trog was noncommittal.
You were not hungry.

You visited 2 branches of the dungeon, and saw 8 of its levels.
You also visited: Ossuary.

You collected 309 gold pieces.

Inventory:

Hand Weapons
 a - a +1 war axe
 g - a +2 flail of protection (weapon)
Armour
 c - a +1 shield (worn)
 h - a +0 chain mail (worn)
Jewellery
 n - a ring of resist corrosion (left hand)
 p - a ring of ice (right hand)
Wands
 k - a wand of flame (48/48)
 r - a wand of paralysis (1/24)
Scrolls
 b - a scroll of magic mapping
 s - a scroll of fog
 u - a scroll of remove curse
Potions
 d - 4 potions of might
 e - a potion of berserk rage {unknown}
 i - 4 potions of flight
 j - a potion of agility
 l - a potion of brilliance
 o - a potion of ambrosia
 q - a potion of magic {unknown}
 t - a potion of heal wounds
 v - a potion of cancellation {unknown}
Comestibles
 f - 6 bread rations
 m - 3 meat rations


   Skills:
 + Level 5.6 Fighting
 + Level 8.0 Axes
 + Level 5.4 Armour
 + Level 0.6 Dodging
 - Level 0.6 Stealth
 + Level 6.5 Shields


You had 8 spell levels left.
You didn't know any spells.

Dungeon Overview and Level Annotations

Branches:
Dungeon (6/15)             Temple (1/1) D:6

Altars:
Ashenzari
Cheibriados
Elyvilon
Fedhas
Gozag
Makhleb
Nemelex Xobeh
Okawaru
Sif Muna
Trog
Uskayaw
Vehumet
Xom
Yredelemnul
Zin
The Shining One

Shops:
D:8 *


Innate Abilities, Weirdness & Mutations

You cannot be hasted, slowed, berserked, paralysed or teleported.
You can dig through walls and to a lower floor.
Your four strong arms can wield two-handed weapons with a shield.
You have a pair of large antennae on your head. (SInv)


Message History

You hit the hill giant.
The hill giant is moderately wounded.
You block the hill giant's attack.
You hit the hill giant but do no damage.
The hill giant is moderately wounded.
You block the hill giant's attack.
You sock the hill giant!
The hill giant is severely wounded.
The hill giant hits you with a giant club!!
* * * LOW HITPOINT WARNING * * *
You hit the hill giant but do no damage.
The hill giant is severely wounded.
The hill giant barely misses you.
Your chain mail prevents you from hitting the hill giant.
The hill giant is severely wounded.
You block the hill giant's attack.
Your chain mail prevents you from hitting the hill giant.
The hill giant is heavily wounded.
The hill giant hits you with a giant club!!
You die...

#........ ..... ...
..... ... ....#...
.....#.# #.##.#.#
#.##.#.# #
#.##.#.##..#.[
#...hC@<......
.........≈≈≈≈≈≈≈#..
####..≈≈≈≈.....≈...
#..≈....⌠.⌠.≈#..
#...._...∩..≈...
#..≈....⌠.⌠.≈#%$
#..≈≈≈≈.....≈# .
#.....≈≈≈≈≈≈≈#


You could see a hill giant and a hound.

Vanquished Creatures
  Edmund (D:5)
  Duvessa (D:4)
  A sky beast (D:5)
  Dowan (D:4)
  6 scorpions (Ossuary)
  2 howler monkeys (D:4)
  3 centaur zombies (Ossuary)
  3 orc priests
  6 orc wizards
  Natasha (twice) (D:4)
  An iguana (D:6)
  2 worker ants (D:5)
  A big kobold zombie (Ossuary)
  4 mummies
  6 gnolls
  4 adders
  5 scorpion zombies (Ossuary)
  A shadow imp (D:5)
  An adder skeleton (D:5)
  8 worms
  3 dart slugs
  5 leopard geckos
  12 orcs
  9 bats
  7 giant cockroaches
  13 goblins
  10 hobgoblins
  2 jackals (D:2)
  5 quokkas
  3 ball pythons
  5 frilled lizards
  2 gnoll zombies (Ossuary)
  3 goblin zombies (Ossuary)
  A hobgoblin zombie (Ossuary)
  A jackal zombie (D:5)
  9 kobolds
  A kobold zombie (Ossuary)
  5 orc zombies (Ossuary)
  3 rats
158 creatures vanquished.

Notes
Turn   | Place    | Note
-------+----------+-------------------------------------------
     0 | D:1      | Faca the Formicid Fighter began the quest for the Orb.
     0 | D:1      | Reached XP level 1. HP: 18/18 MP: 1/1
   112 | D:1      | Reached XP level 2. HP: 24/24 MP: 2/2
   169 | D:1      | Reached XP level 3. HP: 26/30 MP: 3/3
   710 | D:2      | Reached XP level 4. HP: 37/37 MP: 4/4
   819 | D:2      | Found a glowing silver altar of Zin.
   939 | D:2      | Reached skill level 3 in Axes
  1170 | D:2      | Found a shimmering altar of Xom.
  1172 | D:2      | Found a shimmering altar of Xom.
  1172 | D:2      | Found a radiant altar of Vehumet.
  1174 | D:2      | Found a deep blue altar of Sif Muna.
  1174 | D:2      | Found an opulent altar of Gozag.
  1174 | D:2      | Found a shadowy altar of Dithmenos.
  1546 | D:3      | Reached XP level 5. HP: 17/42 MP: 5/5
  1879 | D:3      | Reached XP level 6. HP: 16/49 MP: 6/6
  2166 | D:3      | Reached skill level 4 in Axes
  2347 | D:3      | Found a hide-covered altar of Uskayaw.
  2826 | D:4      | Found a radiant altar of Vehumet.
  2895 | D:4      | Noticed Natasha
  2902 | D:4      | Killed Natasha
  2946 | D:4      | Reached XP level 7. HP: 55/55 MP: 7/7
  3014 | D:4      | Noticed Natasha
  3020 | D:4      | Killed Natasha
  3020 | D:4      | Reached skill level 5 in Shields
  3068 | D:4      | Noticed Dowan
  3089 | D:4      | Noticed Duvessa
  3095 | D:4      | Killed Dowan
  3118 | D:4      | Killed Duvessa
  3118 | D:4      | Reached skill level 5 in Fighting
  3118 | D:4      | Reached skill level 5 in Axes
  3241 | D:5      | Entered Level 5 of the Dungeon
  3535 | D:5      | Found a sand-covered staircase.
  3539 | D:5      | Reached XP level 8. HP: 48/62 MP: 8/8
  3544 | Ossuary  | Entered an ossuary
  3680 | Ossuary  | Reached skill level 6 in Axes
  3683 | Ossuary  | Reached skill level 5 in Armour
  3744 | Ossuary  | HP: 3/62 [mummy (11)]
  4113 | Ossuary  | Reached skill level 7 in Axes
  4760 | D:5      | Noticed Edmund
  4779 | D:5      | Killed Edmund
  4779 | D:5      | Reached XP level 9. HP: 60/68 MP: 9/9
  5100 | D:6      | Found a staircase to the Ecumenical Temple.
  5106 | Temple   | Entered the Ecumenical Temple
  5134 | Temple   | Became a worshipper of Trog the Wrathful
  5315 | D:6      | Reached skill level 8 in Axes
  5379 | D:6      | You fall through a shaft for 2 floors!
  5379 | D:8      | Found an opulent altar of Gozag.
  5379 | D:8      | Found Gozag's Platinum Reserve.
  5379 | D:8      | Noticed a hill giant
  5405 | D:8      | Mangled by a hill giant

Vault maps used:
D:1:      eino_arrival_druids_welcome, fountainhead, minmay_octomino_c4
D:2:      nicolae_overflow_crystal_walls, doesnt_xom_only_xom
D:3:      overflow_temple_1_default, minmay_ruptured
D:4:      vehumet_altar_wand_db, uniq_duvessa, uniq_natasha
D:5:      gup_ossuary_entry_pyramid, first_bread, uniq_edmund
D:8:      kennysheep_mini, nicolae_gozag_zags_fifth_avenue,
          chequers_temple_overflow_statue_of_worship, uniq_gastronok, uniq_grum,
          uniq_maurice
Temple:   minmay_temple_bridge_abc
Ossuary:  ossuary_minmay_scorpions

Skill      XL: |  1  2  3  4  5  6  7  8  9 |
---------------+----------------------------+-----
Fighting       | 4 5 |  5.6
Shields        | 4 5 6 |  6.5
Axes           | 3 4 5 7 8 |  8.0
Armour         | 4 5 |  5.4
Dodging        | |  0.6
Stealth        | |  0.6

Action                   |  1- 3 |  4- 6 |  7- 9 || total
-------------------------+-------+-------+-------++-------
Melee: War axe           |    88 |   225 |   271 ||   584
       Flail             |       |       |    24 ||    24
Evoke: Wand              |       |       |     1 ||     1
  Use: Scroll            |       |    10 |     8 ||    18
       Potion            |       |       |     4 ||     4
  Eat: Meat ration       |       |     1 |     1 ||     2
       Pizza             |       |     1 |     1 ||     2
       Beef jerky        |       |     1 |     1 ||     2
Armor: Scale mail        |    32 |     3 |       ||    35
       Chain mail        |       |   107 |   117 ||   224
Dodge: Dodged            |    37 |    55 |    60 ||   152
Block: Shield            |    47 |   140 |   179 ||   366
